 Dungeon Crawl Stone Soup version 0.30.0-19-g36f170ea60 (webtiles) character file.

Game seed: 7175626218423503211

193 DemonSlayer the Digger (level 5, -4/35 HPs)
             Began as a Demonspawn Earth Elementalist on May 26, 2023.
             Slain by a gnoll
             ... wielding a +0 halberd
             ... led by a gnoll bouda
              (11 damage)
             ... on level 5 of the Dungeon on May 27, 2023.
             The game lasted 00:09:39 (2558 turns).

DemonSlayer the Digger (DsEE)                       Turns: 2558, Time: 00:09:39

Health: -4/35      AC:  7    Str:  8    XL:     5   Next: 44%
Magic:  8/9        EV: 12    Int: 16    God:
Gold:   181        SH:  0    Dex: 16    Spells: 4/10 levels left

rFire   + . .        i - +2 dagger (venom)
rCold   . . .        h - orb {*Rage}
rNeg    . . .        a - +1 robe
rPois   .            o - +0 helmet
rElec   .            (no cloak)
rCorr   .            (no gloves)
SInv    .            (no boots)
Will    .....        t - amulet of magic regeneration
Stlth   ++           r - ring of protection from fire
HPRegen 0.25/turn    (no ring)
MPRegen 0.51/turn

%: random rage (20%)
@: weakened
A: yellow scales 2, foul stench 1
a: no special abilities


You were on level 5 of the Dungeon.
You visited 1 branch of the dungeon, and saw 6 of its levels.

You collected 181 gold pieces.

Inventory:

Hand Weapons
 i - a +2 dagger of venom (weapon)
Armour
 a - a +1 robe (worn)
 h - an orb of wrath (worn)
 o - a +0 helmet (worn)
Jewellery
 r - a ring of protection from fire (left hand)
 t - an amulet of magic regeneration (around neck)
Scrolls
 e - a scroll of immolation
Potions
 c - a potion of curing
 d - a potion of haste {unknown}
 f - 2 potions of berserk rage
 g - a potion of ambrosia
 j - a potion of flight {unknown}
 l - 2 potions of attraction {unknown}
 m - a potion of degeneration {unknown}
 q - a potion of resistance {unknown}


   Skills:
 + Level 0.3 Fighting
 + Level 0.3 Short Blades
 + Level 2.1 Dodging
 + Level 2.9 Stealth
 + Level 3.3 Spellcasting
 + Level 1.0 Transmutations
 + Level 4.1 Earth Magic


You had 4 spell levels left.
You knew the following spells:

 Your Spells              Type           Power      Damage    Failure   Level
a - Sandblast             Erth           30%        2d9       3%          1
b - Passwall              Tmut/Erth      8%         N/A       10%         2
c - Stone Arrow           Conj/Erth      18%        3d8       24%         3

Your spell library contained the following spells:

 Spells                   Type           Power      Damage    Failure   Level
 Petrify                  Tmut/Erth      10%        N/A       54%         4


Dungeon Overview and Level Annotations

Branches:
Dungeon (6/15)
 Temple: D:4-7

Altars:


Innate Abilities, Weirdness & Mutations

You are mostly covered in yellow scales. (AC +3)
You may rarely emit foul miasma when damaged in melee.


Message History

Casting: Sandblast (safe; 3% risk of failure)
Confirm with . or Enter, or press ? or * to list all spells.
Aiming: Sandblast (safe; 3% risk of failure)
Press: ? - help, Shift-Dir - straight line, f/p - gnoll bouda
Aim: a gnoll bouda, wielding a +0 club and wearing a +0 leather armour (heavily wounded, 84% to hit)
The blast of sand hits the gnoll bouda but does no damage.
The gnoll bouda is heavily wounded.
The gnoll bouda misses you.
A gnoll comes into view. It is wielding a +0 flail.
The gnoll hits you from afar with a +0 halberd.
Unknown command.
Unknown command.
Casting: Sandblast (safe; 3% risk of failure)
Confirm with . or Enter, or press ? or * to list all spells.
Aiming: Sandblast (safe; 3% risk of failure)
Press: ? - help, Shift-Dir - straight line, f/p - gnoll bouda
Aim: a gnoll bouda, wielding a +0 club and wearing a +0 leather armour (heavily wounded, 84% to hit)
The blast of sand hits the gnoll bouda but does no damage.
The gnoll bouda is heavily wounded.
The gnoll bouda hits you with a +0 club.
* * * LOW HITPOINT WARNING * * *
The gnoll closely misses you.
The gnoll bouda mumbles some strange prayers to its god.
The gnoll bouda is healed somewhat.
A gnoll comes into view. It is wielding a +0 club.
Unknown command.
Unknown command.
Casting: Sandblast (safe; 3% risk of failure)
Confirm with . or Enter, or press ? or * to list all spells.
Aiming: Sandblast (safe; 3% risk of failure)
Press: ? - help, Shift-Dir - straight line, f/p - gnoll bouda
Aim: a gnoll bouda, wielding a +0 club and wearing a +0 leather armour (moderately wounded, 84% to hit)
The blast of sand hits the gnoll bouda!
The gnoll bouda is severely wounded.
The gnoll barely misses you.
The gnoll hits you from afar with a +0 spear.
* * * LOW HITPOINT WARNING * * *
The gnoll bouda hits you but does no damage.
The gnoll hits you from afar with a +0 halberd!
You die...

#. #. .. ... #.# #.#
#.# #.# .# #.# #.# .#
##.###.# #.#
#####...##.## ..#####
#.>...#.@gg.#
......###.###.).##gg#
.####.........)###.[#
†...................g.
..######..###.####..###
..#. #..# ...# #..#
...# #..#.###.....#
.##<# #...# #.##.#
...... ....# ....#


You could see a gnoll bouda and 4 gnolls.

Vanquished Creatures
  A hound (D:5)
  2 orc priests (D:5)
  An orc wizard (D:3)
  2 adders (D:2)
  A dart slug (D:3)
  4 orcs
  6 ball pythons
  4 bats
  2 endoplasms
  A giant cockroach (D:1)
  4 goblins
  6 hobgoblins
  3 jackals (D:1)
  7 quokkas
  8 frilled lizards
  2 kobolds (D:1)
  2 rats (D:1)
56 creatures vanquished.

Notes
Turn   | Place    | Note
-------+----------+-------------------------------------------
     0 | D:1      | DemonSlayer the Demonspawn Earth Elementalist began the
                  | quest for the Orb.
     0 | D:1      | Reached XP level 1. HP: 13/13 MP: 3/3
   111 | D:1      | Reached skill level 3 in Earth Magic
   122 | D:1      | Gained mutation: You are partially covered in yellow
                  | scales. (AC +2) [demonic ancestry]
   122 | D:1      | Reached XP level 2. HP: 17/19 MP: 0/5
   126 | D:1      | Reached skill level 1 in Transmutations
   550 | D:1      | Reached XP level 3. HP: 24/24 MP: 2/6
   710 | D:1      | Learned a level 2 spell: Passwall
   714 | D:1      | Learned a level 3 spell: Stone Arrow
  1660 | D:3      | Gained mutation: You are mostly covered in yellow scales.
                  | (AC +3) [demonic ancestry]
  1660 | D:3      | Reached XP level 4. HP: 29/30 MP: 6/8
  2451 | D:4      | You fall into a shaft and drop 2 floors!
  2457 | D:5      | Entered Level 5 of the Dungeon
  2498 | D:5      | Reached skill level 4 in Earth Magic
  2498 | D:5      | Gained mutation: You may rarely emit foul miasma when
                  | damaged in melee. [demonic ancestry]
  2498 | D:5      | Reached XP level 5. HP: 35/35 MP: 9/9
  2558 | D:5      | Slain by a gnoll

Illustrated notes

Levels and vault maps discovered:
D:1:      heliophobic_arrival_dark_side_of_the_moon, layout_rooms,
          minmay_misc_feat_rows
D:2:      layout_basic
D:3:      layout_basic
D:4:      layout_layer_cave, nicolae_overflow_hallway_of_the_gods,
          nicolae_ru_path_of_blood
D:5:      layout_loops_ring, lemuel_round_altar, ebering_ghost_disaster_area
D:6:      layout_loops_ring, chequers_serial_rivers_room_a,
          kennysheep_generic_room_15

Skill      XL: |  1  2  3  4 |
---------------+-------------+-----
Earth Magic    | 3 4 |  4.1
Transmutations | 1 |  1.0
Dodging        | 2 |  2.1
Stealth        | 2 |  2.9
Spellcasting   | 3 |  3.3
Fighting       | |  0.3
Short Blades   | |  0.3

Action                     |  1- 3 |  4- 6 || total
---------------------------+-------+-------++-------
  Melee: Unarmed           |     4 |       ||     4
         Dagger            |    17 |    10 ||    27
   Cast: Sandblast         |    65 |    33 ||    98
    Use: Potion            |     2 |       ||     2
         Scroll            |     1 |    10 ||    11
   Stab: Sleeping          |     3 |     3 ||     6
 Armour: Robe              |    39 |    18 ||    57
  Dodge: Dodged            |    74 |    18 ||    92
